 Dungeon Crawl Stone Soup version 0.29-a0-266-gf56f883ddd (webtiles) character file.

Game seed: 14861324909116200208

58 bande the Covered (level 4, -2/29 HPs)
             Began as a Gargoyle Fighter on Mar 7, 2022.
             Slain by a gnoll
             ... wielding a +0 flail
              (5 damage)
             ... on level 2 of the Dungeon.
             The game lasted 00:02:22 (1568 turns).

bande the Covered (Gargoyle Fighter)                Turns: 1568, Time: 00:02:23

Health: -2/29      AC: 10    Str: 18    XL:     4   Next: 1%
Magic:  4/4        EV:  9    Int:  8    God:
Gold:   14         SH:  5    Dex: 13    Spells: 3/3 levels left

rFire   + . .      SeeInvis .   a - +0 war axe
rCold   + . .      Faith    .   c - +0 buckler
rNeg    + . .      Spirit   .   b - +0 scale mail
rPois   ∞          Reflect  .   (no helmet)
rElec   +          Harm     .   h - scarf {rC+ rF+}
rCorr   .          Rampage  .   (no gloves)
Will    .....      Clarity  +   (no boots)
Stlth   +.........              (no amulet)
HPRegen 0.09/turn               (no ring)
MPRegen 0.09/turn               (no ring)

@: no status effects
A: sickness immunity, AC +3, negative energy resistance 1, electricity
resistance, torment resistance 1, petrification resistance, thin skeletal
structure 1, clarity, weak 1
a: no special abilities


You were on level 2 of the Dungeon.
You visited 1 branch of the dungeon, and saw 2 of its levels.

You collected 14 gold pieces.

Inventory:

Hand Weapons
 a - a +0 war axe (weapon)
Armour
 b - a +0 scale mail (worn)
 c - a +0 buckler (worn)
 h - a scarf of resistance (worn)
Jewellery
 f - a ring of wizardry
Scrolls
 e - 3 scrolls of noise {unknown}
 g - a scroll of identify
Potions
 d - a potion of might


   Skills:
 + Level 3.7 Fighting
 + Level 2.5 Axes
 + Level 4.0 Armour
 + Level 3.7 Shields


You had 3 spell levels left.
You didn't know any spells.
Your spell library contained the following spells:

 Spells                   Type           Power      Damage    Failure   Level
 Summon Small Mammal      Summ           0%         N/A       87%         1
 Call Canine Familiar     Summ           0%         N/A       99%         3
 Summon Guardian Golem    Hex/Summ       0%         N/A       99%         3


Dungeon Overview and Level Annotations

Branches:
Dungeon (2/15)

Altars:


Innate Abilities, Weirdness & Mutations

You are immune to sickness and miasma.
Your stone body is resilient. (AC +3)
You are immune to poison.
You resist negative energy. (rN+)
You are resistant to electric shocks. (rElec)
You are resistant to unholy torment.
You are immune to petrification.
You have a somewhat thin skeletal structure. (Dex +2, Stealth+)
You possess an exceptional clarity of mind.
You are weak. (Str -2)


Message History

The gnoll hits you but does no damage. The gnoll hits you with a +0 whip.
You closely miss the gnoll.
The gnoll is lightly wounded.
The gnoll hits you but does no damage.
You hit the gnoll.
The gnoll is severely wounded.
The gnoll closely misses you. You block the gnoll's attack.
You slash the gnoll!
You kill the gnoll!
You closely miss the gnoll. You block the gnoll's attack. x2
You closely miss the gnoll. The gnoll closely misses you.
You slash the gnoll!
The gnoll is severely wounded.
You block the gnoll's attack.
You barely miss the gnoll.
The gnoll is severely wounded.
The gnoll hits you with a +0 club. The gnoll hits you but does no damage.
Unknown command.
You closely miss the gnoll.
The gnoll is severely wounded.
The gnoll hits you but does no damage.
You completely miss the gnoll.
The gnoll is severely wounded.
The gnoll barely misses you. You block the gnoll's attack.
You slash the gnoll!
You kill the gnoll!
Your Armour skill increases to level 4!
You have reached level 4!
You feel stronger.
You barely miss the gnoll. The gnoll hits you with a +0 flail!
* * * LOW HITPOINT WARNING * * *
The gnoll closely misses you.
You hit the gnoll.
The gnoll is heavily wounded.
The gnoll hits you with a +0 flail.
* * * LOW HITPOINT WARNING * * *
You barely miss the gnoll.
The gnoll is heavily wounded.
The gnoll hits you with a +0 flail.
You die...

#.......# ...........#.#.#
#.......#####.####..##.#.#.##
#.......#.†...#
#..##.#....###
######'##.#####
#..#.........##
#.##<########..............
#.##..............####.#.##
#.................# #.#.##
####.############.####.#.##
#.#..gg@............#.##
#.#.##########.######.## ...
###.# #.## ### #...# #.##
#.########.## #..........##
##########.## ####


You could see 2 gnolls.

Vanquished Creatures
  2 gnolls (D:2)
  4 bats
  6 endoplasms
  2 giant cockroaches
  2 goblins (D:1)
  3 quokkas
  3 ball pythons (D:1)
  3 frilled lizards
  7 kobolds
  4 rats
36 creatures vanquished.

Notes
Turn   | Place    | Note
-------+----------+-------------------------------------------
     0 | D:1      | bande the Gargoyle Fighter began the quest for the Orb.
     0 | D:1      | Reached XP level 1. HP: 14/14 MP: 1/1
   128 | D:1      | Reached XP level 2. HP: 12/19 MP: 2/2
   658 | D:1      | Reached XP level 3. HP: 21/23 MP: 3/3
   723 | D:1      | Found a faded altar of an unknown god.
  1235 | D:2      | Gained mutation: You have a somewhat thin skeletal
                  | structure. (Dex +2, Stealth+) [potion of mutation]
  1235 | D:2      | Gained mutation: You are weak. (Str -2) [potion of
                  | mutation]
  1235 | D:2      | Gained mutation: You possess an exceptional clarity of
                  | mind. [potion of mutation]
  1566 | D:2      | Reached skill level 4 in Armour
  1566 | D:2      | Reached XP level 4. HP: 12/29 MP: 4/4
  1568 | D:2      | Slain by a gnoll

Illustrated notes

Levels and vault maps discovered:
D:1:      sevenhm_arrival_forest_fort_large_2, layout_rooms,
          dilly_ecumenical_altar_fadedgnrine
D:2:      layout_basic, kennysheep_crisscross

Skill      XL: |  1  2  3 |
---------------+----------+-----
Axes           | 2 |  2.5
Armour         | 4 |  4.0
Fighting       | |  3.7
Shields        | |  3.7

Action                   |  1- 3 |  4- 6 || total
-------------------------+-------+-------++-------
Melee: War axe           |   122 |     3 ||   125
  Use: Scroll            |     2 |       ||     2
       Potion            |     1 |       ||     1
Armor: Scale mail        |    63 |       ||    63
Dodge: Dodged            |    60 |     1 ||    61
Block: Buckler           |    28 |       ||    28

Table legend: (Time is in decaauts)
 A = Elapsed time spent in this place.
 B = Non-inter-level travel time spent in this place.
 C = Inter-level travel time spent in this place.
 D = Time resting spent in this place.
 E = Time spent auto-exploring this place.
 F = Levels seen in this place.
 G = Mean time per level.
                   A        B        C        D        E       F      G
               +--------+--------+--------+--------+--------+-----+--------+
         Total |   1621 |   1546 |     75 |      0 |   1216 |   2 |  810.5 |
       Dungeon |   1621 |   1546 |     75 |      0 |   1216 |   2 |  810.5 |
               +--------+--------+--------+--------+--------+-----+--------+

Top non-repeatable levels by time:
     D:1: 1029 daAuts
     D:2: 592 daAuts
